 Dungeon Crawl Stone Soup version 0.24.0-13-gcf9b3192b9 (webtiles) character file.

Game seed: 446442130276096405, levelgen mode: deterministic

226 remoh the Poker (level 5, -1/48 HPs)
             Began as a Minotaur Berserker on Nov 5, 2019.
             Was a Believer of Trog.
             Slain by a killer bee (4 damage)
             ... on level 3 of the Dungeon.
             The game lasted 00:07:24 (1280 turns).

remoh the Poker (Minotaur Berserker)                Turns: 1280, Time: 00:07:25

Health: -1/48      AC:  5    Str: 22    XL:     5   Next: 69%
Magic:  4/4        EV: 13    Int:  4    God:    Trog [**....]
Gold:   28         SH:  0    Dex: 15    Spells: 4/4 levels left

rFire    . . .     SeeInvis .   a - +0 spear
rCold    . . .     Gourm    .   (no shield)
rNeg     . . .     Faith    .   d - +0 ring mail
rPois    .         Spirit   .   (helmet restricted)
rElec    .         Reflect  .   (no cloak)
rCorr    .         Harm     .   (no gloves)
MR       .....                  (no boots)
Stlth    +.........             f - amulet of the acrobat
HPRegen  0.16/turn              e - +5 ring of dexterity
MPRegen  0.09/turn              (no ring)

@: lethally poisoned (-1 -> -2)
A: retaliatory headbutt, horns 2
a: Berserk, Trog's Hand, Renounce Religion


You were on level 3 of the Dungeon.
You worshipped Trog.
Trog was pleased with you.
You were not hungry.

You visited 1 branch of the dungeon, and saw 3 of its levels.

You collected 28 gold pieces.

Inventory:

Hand Weapons
 a - a +0 spear (weapon)
Missiles
 h - 20 arrows
Armour
 b - a +0 animal skin
 d - a +0 ring mail (worn)
Jewellery
 e - a +5 ring of dexterity (left hand)
 f - an amulet of the acrobat (around neck)
Scrolls
 g - a scroll of teleportation {unknown}
 i - a scroll of enchant weapon {unknown}
Comestibles
 c - a ration


   Skills:
 + Level 5.1 Fighting
 + Level 5.2 Polearms
 + Level 4.1 Armour
 + Level 3.4 Dodging


You had 4 spell levels left.
You didn't know any spells.
Your spell library was empty.

Dungeon Overview and Level Annotations

Branches:
Dungeon (3/15)

Altars:


Innate Abilities, Weirdness & Mutations

You reflexively headbutt those who attack you in melee.
You have a pair of horns on your head.


Message History

Found 15 poisoned darts and 18 arrows.
You feel sick.
You barely miss the killer bee.
The killer bee is moderately wounded.
The killer bee stings you.
* * * LOW HITPOINT WARNING * * *
The killer bee barely misses you. You furiously retaliate!
You headbutt the killer bee. The killer bee misses you.
You furiously retaliate!
You headbutt the killer bee! The killer bee stings you.
* * * LOW HITPOINT WARNING * * *
You closely miss the killer bee.
The killer bee is almost dead.
The killer bee barely misses you. You furiously retaliate!
You headbutt the killer bee, but do no damage.
The killer bee stings you but does no damage. x2
You barely miss the killer bee.
The killer bee is almost dead.
The killer bee stings you.
You die...

## ### ###
.##.. (.# #
.#(####.#.#
... .#.#.#
#(# ....
#y####.#
#@y<..†#
########


You could see 2 killer bees.

Vanquished Creatures
  A phantom (D:2)
  2 killer bees (D:3)
  An adder (D:2)
  An ooze (D:1)
  2 dart slugs
  A leopard gecko (D:1)
  2 giant cockroaches
  3 goblins
  9 hobgoblins
  2 quokkas (D:2)
  4 bats
  A frilled lizard (D:2)
  4 kobolds
  2 rats (D:1)
35 creatures vanquished.

Notes
Turn   | Place    | Note
-------+----------+-------------------------------------------
     0 | D:1      | remoh the Minotaur Berserker began the quest for the Orb.
     0 | D:1      | Reached XP level 1. HP: 19/19 MP: 0/0
    84 | D:1      | Reached XP level 2. HP: 10/27 MP: 1/1
   602 | D:2      | Reached XP level 3. HP: 33/33 MP: 2/2
   768 | D:2      | Reached ** piety under Trog
   849 | D:2      | Noticed a phantom
   932 | D:2      | Killed a phantom
   932 | D:2      | Reached XP level 4. HP: 18/41 MP: 3/3
   932 | D:2      | Reached XP level 5. HP: 21/47 MP: 4/4
  1266 | D:3      | Reached skill level 5 in Fighting
  1266 | D:3      | Reached skill level 5 in Polearms
  1280 | D:3      | Slain by a killer bee

Levels and vault maps discovered:
D:1:      lightli_arrival_flooded_house, layout_rooms
D:2:      layout_rooms, hangedman_ru_absence, kennysheep_boxes
D:3:      layout_loops_cross, nicolae_overflow_crystal_walls, elyvilon_altar_5

Skill      XL: |  1  2  3  4  5 |
---------------+----------------+-----
Fighting       | 4 5 |  5.1
Polearms       | 4 5 |  5.2
Armour         | 3 4 |  4.1
Dodging        | 3 |  3.4

Action                   |  1- 3 |  4- 6 || total
-------------------------+-------+-------++-------
Melee: Spear             |    90 |    11 ||   101
       Headbutt          |    15 |     2 ||    17
  Eat: Ration            |       |     1 ||     1
Armor: Ring mail         |    30 |     5 ||    35
Dodge: Dodged            |    77 |    14 ||    91
